 Dungeon Crawl Stone Soup version 0.25-a0-102-gbfa96ce22d (webtiles) character file.

Game seed: 5863415183658892396, levelgen mode: deterministic

238 vurker the Magician (level 5, -3/38 HPs)
             Began as a Mummy Fire Elementalist on Nov 15, 2019.
             Slain by a centaur (10 damage)
             ... on level 4 of the Dungeon.
             The game lasted 00:05:58 (4989 turns).

vurker the Magician (Mummy Fire Elementalist)       Turns: 4989, Time: 00:05:59

Health: -3/38      AC:  2    Str: 12    XL:     5   Next: 78%
Magic:  8/11       EV: 12    Int: 15    God:
Gold:   117        SH:  0    Dex: 12    Spells: 11/12 levels left

rFire    x . .     SeeInvis .   d - +0 dagger
rCold    + + .     Gourm    .   (no shield)
rNeg     + + +     Faith    .   a - +0 robe
rPois    ∞         Spirit   .   (no helmet)
rElec    .         Reflect  .   (no cloak)
rCorr    .         Harm     .   (no gloves)
MR       .....                  (no boots)
Stlth    ++........             e - amulet of regeneration
HPRegen  0.52/turn              f - ring of protection from cold
MPRegen  0.12/turn              (no ring)

@: studying Armour
A: no food or potions, fire vulnerability, cold resistance 1, negative energy
resistance 3, torment resistance, unbreathing
a: no special abilities


You were on level 4 of the Dungeon.
You were not hungry.

You visited 1 branch of the dungeon, and saw 4 of its levels.

You collected 117 gold pieces.

Inventory:

Hand Weapons
 d - a +0 dagger (weapon)
   (You found it on level 1 of the Dungeon)
Armour
 a - a +0 robe (worn)
Jewellery
 e - an amulet of regeneration (around neck)
   (You found it on level 3 of the Dungeon)
 f - a ring of protection from cold (left hand)
   (You found it on level 2 of the Dungeon)
Wands
 u - a wand of paralysis (12)
   (You found it on level 3 of the Dungeon)
Scrolls
 b - a scroll of remove curse {unknown}
 c - 2 scrolls of teleportation
 g - a scroll of enchant weapon
 h - 2 scrolls of amnesia
 i - a scroll of immolation
Books
 j - a manual of Armour
   (You found it on level 4 of the Dungeon)


   Skills:
 + Level 1.7 Fighting
 - Level 1.5 Dodging
 - Level 1.5 Stealth
 * Level 4.4 Spellcasting
 * Level 2.7 Conjurations
 * Level 3.5 Fire Magic


You had 11 spell levels left.
You knew the following spells:

 Your Spells              Type           Power        Failure   Level  Hunger
a - Flame Tongue          Conj/Fire      ##...        4%          1    N/A

Your spell library contained the following spells:

 Spells                   Type           Power        Failure   Level  Hunger
 Throw Flame              Conj/Fire      ##....       8%          2    N/A
 Conjure Flame            Conj/Fire      ##......     14%         3    N/A
 Inner Flame              Hex/Fire       #.......     26%         3    N/A
 Sticky Flame             Conj/Fire      ##......     43%         4    N/A
 Fireball                 Conj/Fire      ##........   80%         5    N/A

Dungeon Overview and Level Annotations

Branches:
Dungeon (4/15)
 Temple: D:4-7

Altars:
Ashenzari
Makhleb
Wu Jian
Zin


Innate Abilities, Weirdness & Mutations

You do not eat or drink.
Your flesh is vulnerable to fire.
You are immune to poison.
Your flesh is cold resistant. (rC+)
You are immune to negative energy. (rN+++)
You are immune to unholy pain and torment.
You can survive without breathing.


Message History

There is a shattered altar of Ashenzari here.
You enter the shallow water.
Moving in this stuff is going to be slow.
You enter the shallow water.
Moving in this stuff is going to be slow.
You see here a +0 chain mail.
Things that are here:
a +0 club x2
There is a stone staircase leading down here.
You start resting.
You start waiting.
Done waiting.
You climb downwards.
Found 2 datura-tipped darts and 18 stones.
There is a stone staircase leading up here.
Found a stone staircase leading down.
A frilled lizard comes into view.
A frilled lizard is nearby!
Found a stone staircase leading down.
The frilled lizard hisses angrily.
You can't see any susceptible monsters within range! (Use Z to cast anyway.)
Aim: a frilled lizard The flame tongue hits the frilled lizard.
You kill the frilled lizard!
You can't see any susceptible monsters within range! (Use Z to cast anyway.)
Found a scale mail.
Found 15 bolts.
You see here 15 bolts.
A centaur comes into view.
A centaur is nearby!
A centaur comes into view.
The centaur barely misses you.
Found a manual of Armour.
The centaur closely misses you. The centaur hits you.
The centaur shouts!
You see here a manual of Armour.
Aim: a centaur The flame tongue hits the centaur but does no damage.
The centaur closely misses you. The centaur hits you.
Aim: a centaur The flame tongue hits the centaur!
The centaur closely misses you. The centaur hits you.
The centaur closely misses you. The centaur hits you!
Aim: a centaur (moderately wounded)
The flame tongue hits the centaur.
The centaur hits you.
* * * LOW HITPOINT WARNING * * *
The centaur hits you!
* * * LOW HITPOINT WARNING * * *
j - a manual of Armour The centaur closely misses you.
The centaur hits you!
You die...

##########
..... ..##
.... ...#
##.##...# .
#...##..# #.
#c..#..# ..
#@#....##
#..c#.#...#
##...##...#
#..##.##....#
#.......#...#
#######.##..#
#..#....
##.#...##
#.#..##


You could see 2 centaurs.

Vanquished Creatures
  An orc priest (D:3)
  An orc wizard (D:3)
  An iguana (D:4)
  6 adders
  2 oozes (D:2)
  3 worms (D:3)
  3 leopard geckos
  5 orcs
  5 giant cockroaches
  8 goblins
  10 hobgoblins
  2 jackals (D:3)
  12 kobolds
  3 quokkas
  2 ball pythons
  7 bats
  6 frilled lizards
  3 rats
80 creatures vanquished.

Notes
Turn   | Place    | Note
-------+----------+-------------------------------------------
     0 | D:1      | vurker the Mummy Fire Elementalist began the quest for the
                  | Orb.
     0 | D:1      | Reached XP level 1. HP: 13/13 MP: 4/4
   154 | D:1      | Reached skill level 1 in Conjurations
   163 | D:1      | Reached XP level 2. HP: 12/19 MP: 0/5
   618 | D:1      | Reached skill level 3 in Spellcasting
  1235 | D:2      | Reached XP level 3. HP: 24/25 MP: 2/7
  1920 | D:2      | Reached XP level 4. HP: 31/31 MP: 6/9
  1966 | D:2      | Reached skill level 1 in Fighting
  2252 | D:2      | Found a burning altar of Makhleb.
  2332 | D:2      | Found a glowing silver altar of Zin.
  2959 | D:3      | Reached skill level 4 in Spellcasting
  2959 | D:3      | Reached XP level 5. HP: 6/37 MP: 2/11
  3219 | D:3      | Found a faded altar of an unknown god.
  3285 | D:3      | Found a shattered altar of Ashenzari.
  4275 | D:3      | Found a faded altar of an unknown god.
  4344 | D:3      | Found a shattered altar of Ashenzari.
  4589 | D:4      | Found an ornate altar of the Wu Jian Council.
  4979 | D:4      | Noticed a centaur
  4984 | D:4      | Noticed a centaur
  4989 | D:4      | Slain by a centaur

Levels and vault maps discovered:
D:1:      dpeg_arrival_pits, layout_basic, supply_closet_lemuel,
          minmay_box_of_dots
D:2:      layout_loops_corners, lemuel_crystal_altar, bloody_makhleb,
          dk_noncrumbling_2, kennysheep_generic_room_9
D:3:      layout_loops_ring, cheibrodos_ashenzari_chains, first_ration,
          chequers_ecumenical_altar_island, st_stairs_1, serial_bayou_crossing
D:4:      layout_rooms, lemuel_doored_altar, lemuel_crystal_altar,
          minmay_manual_mares, uniq_eustachio, uniq_natasha

Skill      XL: |  1  2  3  4 |
---------------+-------------+-----
Conjurations   | 1 2 |  2.7
Spellcasting   | 3 4 |  4.4
Fire Magic     | 3 |  3.5
Fighting       | 1 |  1.7
Dodging        | |  1.5
Stealth        | |  1.5

Action                   |  1- 3 |  4- 6 || total
-------------------------+-------+-------++-------
Melee: Unarmed           |    14 |       ||    14
       Dagger            |     7 |       ||     7
 Cast: Flame Tongue      |    74 |   110 ||   184
Evoke: Wand              |       |     1 ||     1
  Use: Scroll            |     2 |     2 ||     4
Armor: Robe              |     7 |    10 ||    17
Dodge: Dodged            |    41 |    32 ||    73

Table legend:
 A = Non-vault XP
 B = Vault XP
 C = Vault XP percentage of total XP
 D = Non-vault monster count
 E = Vault monster count
 F = Vault count percentage of total count
                 A         B        C        D         E       F
            +---------+---------+-------+---------+---------+-------
      Total |     326 |      15 |   4.4 |      75 |       5 |   6.2
            +---------+---------+-------+---------+---------+-------
        D:1 |      33 |       4 |  10.8 |      20 |       2 |   9.1
        D:2 |      96 |       7 |   6.8 |      25 |       1 |   3.8
        D:3 |     153 |       4 |   2.5 |      25 |       2 |   7.4
        D:4 |      44 |       0 |   0.0 |       5 |       0 |   0.0
            +---------+---------+-------+---------+---------+-------
